 Dungeon Crawl Stone Soup version 0.29.1-1-gd02db69 (webtiles) character file.

Game seed: 17698435808140950184

72 Timinator the Insei (level 3, 0/28 HPs)
             Began as a Demigod Transmuter on Dec 22, 2022.
             Killed from afar by Natasha (8 damage)
             ... with a magic dart
             ... on level 2 of the Dungeon.
             The game lasted 00:04:39 (1943 turns).

Timinator the Insei (Demigod Transmuter)            Turns: 1943, Time: 00:04:40

Health: 0/28       AC:  2    Str: 11    XL:     3   Next: 82%
Magic:  7/8        EV: 12    Int: 15    God:
Gold:   59         SH:  0    Dex: 18    Spells: 3/6 levels left

rFire   . . .      SeeInvis .     - Unarmed
rCold   . . .      Faith    .   (no shield)
rNeg    . . .      Spirit   .   a - +0 robe
rPois   .          Reflect  .   (helmet currently unavailable)
rElec   .          Harm     .   (no cloak)
rCorr   .          Rampage  .   (no gloves)
Will    .....                   (boots currently unavailable)
Stlth   ++........              (no amulet)
HPRegen 0.09/turn               (no ring)
MPRegen 0.11/turn               (no ring)

@: appendages (expiring)
A: horns 2, talons 2, high MP 1, forlorn, divine attributes
a: End Transformation


You were on level 2 of the Dungeon.
You had temporarily grown beastly horns and talons.
You visited 1 branch of the dungeon, and saw 2 of its levels.

You collected 59 gold pieces.

Inventory:

Missiles
 h - 5 boomerangs
Armour
 a - a +0 robe (worn)
 d - a +0 ring mail
Scrolls
 c - 2 scrolls of identify {unknown}
 f - a scroll of summoning {unknown}
Potions
 b - a potion of lignification
 e - a potion of heal wounds {unknown}
 g - a potion of haste {unknown}


   Skills:
 * Level 1.3 Fighting
 * Level 0.9 Armour
 * Level 2.2 Dodging
 + Level 3.3 Unarmed Combat
 + Level 2.0 Spellcasting
 * Level 2.3 Transmutations


You had 3 spell levels left.
You knew the following spells:

 Your Spells              Type           Power      Damage    Failure   Level
a - Beastly Appendage     Tmut           16%        N/A       9%          1
b - Wereblood             Tmut           8%         N/A       13%         2

Your spell library contained the following spells:

 Spells                   Type           Power      Damage    Failure   Level
 Spider Form              Tmut/Pois      5%         N/A       38%         3
 Ice Form                 Ice/Tmut       5%         N/A       80%         4


Dungeon Overview and Level Annotations

Branches:
Dungeon (2/15)

Annotations:
D:2 Natasha


Innate Abilities, Weirdness & Mutations

You have temporarily grown beastly horns and talons.
You have an increased reservoir of magic. (+10% MP)
You shall have no god before yourself.
Your divine heritage dramatically boosts your attributes as you level up.


Message History

You hit the adder but do no damage. You headbutt the adder.
The adder is moderately wounded.
You feel sick. The adder bites you.
You hit the adder. You headbutt the adder.
You kill the adder!
You feel sick.
You feel sick.
You see here an adder corpse.
You feel sick.
You start resting.
Your horns disappear.
Your talons disappear.
You feel sick. x2
You are no longer poisoned.
You start resting.
HP restored.
You see here an adder corpse.
There is an escape hatch in the ceiling here.
Natasha, Servant of Life and Death comes into view.
Casting: Beastly Appendage (safe; 9% risk of failure)
Confirm with . or Enter, or press ? or * to list all spells.
You grow a pair of large bovine horns.
Your feet morph into talons.
Natasha hisses angrily.
Natasha mumbles some strange words.
Your transformation is almost over.
Natasha claws you!
You closely miss Natasha. Natasha closely misses you.
You hit Natasha. You claw Natasha, but do no damage.
Natasha is lightly wounded.
The shadow imp hits you. Natasha claws you.
You barely miss Natasha. You claw Natasha, but do no damage.
You headbutt Natasha.
Natasha is moderately wounded.
The shadow imp misses you. Natasha claws you.
You hit Natasha but do no damage. You headbutt Natasha.
Natasha is heavily wounded.
The shadow imp hits you.
* * * LOW HITPOINT WARNING * * *
Natasha casts a spell at you. The magic dart hits you!
You die...

......#.#..##### #.........#
.....##.#......###.......†.#
..#####.##†###..##.........#
.# #......####.##########.#
## #...........## #.# #
#....(..##...# #.#
#######......# #.# ####.h5##
#<# #..@.##### #.#
##.......####.#
#.#.###....#.# #...#
####...# ##### ##..# ####


You could see Natasha and a shadow imp (summoned).

Vanquished Creatures
  Natasha (D:2)
  An adder (D:2)
  A worm (D:2)
  4 endoplasms
  4 goblins
  5 hobgoblins (D:1)
  3 quokkas
  5 bats
  A frilled lizard (D:1)
  5 kobolds
  5 rats (D:1)
35 creatures vanquished.

Notes
Turn   | Place    | Note
-------+----------+-------------------------------------------
     0 | D:1      | Timinator the Demigod Transmuter began the quest for the
                  | Orb.
     0 | D:1      | Reached XP level 1. HP: 15/15 MP: 5/5
   138 | D:1      | Reached skill level 1 in Fighting
   427 | D:1      | Reached XP level 2. HP: 13/23 MP: 4/7
   582 | D:1      | Learned a level 2 spell: Wereblood
   637 | D:1      | Reached skill level 3 in Unarmed Combat
  1448 | D:2      | Reached XP level 3. HP: 28/28 MP: 4/8
  1663 | D:2      | Noticed Natasha
  1676 | D:2      | Killed Natasha
  1934 | D:2      | Noticed Natasha
  1943 | D:2      | Killed from afar by Natasha

Illustrated notes

Levels and vault maps discovered:
D:1:      minmay_arrival_nine_rooms, layout_basic,
          hellmonk_ecumenical_altar_blasted, minmay_misc_feat_rows
D:2:      layout_rooms, minmay_misc_feat_five, uniq_natasha,
          uniq_crazy_yiuf_cottage

Skill      XL: |  1  2  3 |
---------------+----------+-----
Fighting       | 1 |  1.3
Transmutations | 2 |  2.3
Unarmed Combat | 3 |  3.3
Dodging        | 2 |  2.2
Spellcasting   | 2 |  2.0
Armour         | |  0.9

Action                   || total
-------------------------++-------
Melee: Unarmed           ||   102
       Headbutt          ||    14
       Kick              ||    20
       Punch             ||     3
 Cast: Beastly Appendage ||    21
       Wereblood         ||     1
 Stab: Sleeping          ||     2
Armor: Robe              ||    15
Dodge: Dodged            ||    69
